General information
- name: BNet
- type: Ladder team game (AT/RT)
- host: Battle.net
- saver: lilly-banilly
map: DragonFalls
- players: 8
- length: 38:50
- speed: Fast
- version: 1.26 W3XP
- replay type: Public
» download(212 KB)
Players
team 1 (loser)
Dinan5 (
green | 22 APM | 538 actions | 24:36)
4 Dreadlord
2 Vampiric Aura
2 Sleep
» actions
| Basic commands | 15 | |
| Build / train | 65 | |
| Enter build submenu | 20 | |
| Enter hero's abilities submenu | 4 | |
| Right click | 163 | |
| Select / deselect | 236 | |
| Use ability | 35 | |
538 total
» units
| Acolyte | 13 | |
| Ghoul | 4 | |
| Obsidian Statue | 5 | |
| Abomination | 17 | |
39 total
» upgrades
| Unholy Strength | 3 | |
| Unholy Armor | 3 | |
| Disease Cloud | 1 | |
| Ghoul Frenzy | 1 | |
8 total
» buildings
| Ziggurat | 9 | |
| Crypt | 1 | |
| Altar of Darkness | 1 | |
| Nerubian Tower | 4 | |
| Graveyard | 1 | |
| Halls of the Dead | 1 | |
| Tomb of Relics | 1 | |
| Sacrificial Pit | 1 | |
| Slaughterhouse | 2 | |
| Black Citadel | 1 | |
| Spirit Tower | 4 | |
| Necropolis | 1 | |
27 total
» build order
00:16 Ziggurat
00:24 Crypt
00:32 Altar of Darkness
01:10 Nerubian Tower
01:57 Graveyard
02:11 Ziggurat
02:57 Halls of the Dead
03:29 Tomb of Relics
03:58 Ziggurat
05:17 Ziggurat
05:50 Sacrificial Pit
06:10 Slaughterhouse
06:15 Slaughterhouse
07:41 Black Citadel
08:49 Spirit Tower
08:50 Nerubian Tower
08:55 Spirit Tower
09:04 Ziggurat
16:28 Ziggurat
17:46 Ziggurat
17:55 Ziggurat
19:43 Ziggurat
22:26 Spirit Tower
22:27 Spirit Tower
22:29 Nerubian Tower
22:31 Nerubian Tower
23:41 Necropolis
» items
| Potion of Healing | 1 | |
| Scroll of Town Portal | 1 | |
| Orb of Corruption | 1 | |
3 total
Sotha_Sil (
pink | 98 APM | 3787 actions | 38:49)
10 Archmage
3 Summon Water Elemental
3 Brilliance Aura
1 Mass Teleport
3 Blizzard
» actions
| Assign group hotkey | 78 | |
| Basic commands | 84 | |
| Build / train | 102 | |
| ESC pressed | 8 | |
| Enter build submenu | 52 | |
| Enter hero's abilities submenu | 10 | |
| Give item / drop item | 13 | |
| Right click | 1526 | |
| Select / deselect | 534 | |
| Select group hotkey | 1211 | |
| Use ability | 169 | |
3787 total
» units
| Peasant | 19 | |
| Footman | 7 | |
| Gryphon Rider | 9 | |
| Dragonhawk Rider | 7 | |
| Goblin Shredder | 1 | |
43 total
» upgrades
| Masonry | 3 | |
| Backpack | 1 | |
| Swords | 3 | |
| Lumber Harvesting | 2 | |
| Armor | 3 | |
| Animal War Training | 1 | |
| Storm Hammers | 1 | |
| Cloud | 1 | |
| Gunpowder | 1 | |
| Plating | 1 | |
| Long Rifles | 1 | |
| Defend | 1 | |
19 total
» buildings
| Altar of Kings | 1 | |
| Farm | 12 | |
| Barracks | 1 | |
| Town Hall | 2 | |
| Scout Tower | 13 | |
| Arcane Tower | 1 | |
| Lumber Mill | 1 | |
| Keep | 1 | |
| Arcane Vault | 1 | |
| Guard Tower | 9 | |
| Blacksmith | 1 | |
| Castle | 1 | |
| Gryphon Aviary | 3 | |
| Necropolis | 1 | |
| Graveyard | 1 | |
| Ziggurat | 8 | |
| Spirit Tower | 1 | |
| Halls of the Dead | 1 | |
| Tomb of Relics | 3 | |
| Altar of Darkness | 1 | |
| Black Citadel | 1 | |
64 total
» build order
00:04 Altar of Kings
00:08 Farm
00:13 Barracks
01:37 Farm
01:51 Farm
03:00 Farm
03:51 Town Hall
03:53 Scout Tower
04:22 Scout Tower
04:24 Arcane Tower
04:39 Lumber Mill
06:06 Keep
06:18 Arcane Vault
06:22 Guard Tower
06:38 Blacksmith
06:47 Scout Tower
06:50 Scout Tower
07:17 Scout Tower
07:17 Scout Tower
07:20 Scout Tower
07:29 Guard Tower
07:45 Guard Tower
07:45 Guard Tower
07:48 Guard Tower
08:04 Scout Tower
08:06 Scout Tower
08:35 Guard Tower
09:07 Guard Tower
09:08 Castle
10:58 Gryphon Aviary
10:59 Gryphon Aviary
12:00 Gryphon Aviary
14:18 Farm
15:36 Scout Tower
15:38 Scout Tower
15:42 Scout Tower
16:15 Guard Tower
17:43 Scout Tower
18:19 Guard Tower
20:14 Farm
20:41 Farm
20:41 Farm
23:09 Farm
23:09 Farm
23:10 Farm
28:04 Town Hall
30:40 Necropolis
32:24 Graveyard
32:25 Ziggurat
32:33 Ziggurat
32:35 Ziggurat
32:38 Ziggurat
32:43 Ziggurat
32:46 Ziggurat
32:53 Ziggurat
32:55 Ziggurat
33:50 Spirit Tower
33:57 Halls of the Dead
34:02 Tomb of Relics
34:04 Tomb of Relics
34:08 Tomb of Relics
35:23 Altar of Darkness
36:46 Black Citadel
36:59 Farm
» items
| Scroll of Regeneration | 10 | |
| Staff of Teleportation | 1 | |
| Mechanical Critter | 3 | |
14 total

»
Scumbag.Steve (
orange | 42 APM | 245 actions | 05:53)
2 Warden
1 Shadow Strike
1 Fan of Knives
» actions
| Assign group hotkey | 6 | |
| Basic commands | 1 | |
| Build / train | 22 | |
| Enter build submenu | 8 | |
| Enter hero's abilities submenu | 2 | |
| Right click | 85 | |
| Select / deselect | 77 | |
| Select group hotkey | 27 | |
| Use ability | 17 | |
245 total
» units
» buildings
| Altar of Elders | 1 | |
| Moon Well | 3 | |
| Ancient of War | 1 | |
| Ancient of Wonders | 1 | |
| Tree of Ages | 1 | |
| Tree of Life | 1 | |
| Hunter's Hall | 1 | |
9 total
» build order
00:19 Altar of Elders
00:27 Moon Well
01:01 Ancient of War
01:18 Moon Well
01:44 Ancient of Wonders
02:17 Moon Well
03:23 Tree of Ages
04:45 Tree of Life
05:06 Hunter's Hall
Creamanator (
red | 23 APM | 568 actions | 24:27)
2 Dreadlord
1 Vampiric Aura
1 Carrion Swarm
» actions
| Assign group hotkey | 3 | |
| Build / train | 56 | |
| Enter build submenu | 18 | |
| Enter hero's abilities submenu | 2 | |
| Remove unit from queue | 2 | |
| Right click | 195 | |
| Select / deselect | 214 | |
| Select group hotkey | 58 | |
| Use ability | 20 | |
568 total
» units
» upgrades
| Creature Attack | 3 | |
| Creature Carapace | 3 | |
6 total
» buildings
| Altar of Darkness | 1 | |
| Crypt | 2 | |
| Ziggurat | 13 | |
| Graveyard | 1 | |
| Halls of the Dead | 1 | |
| Nerubian Tower | 4 | |
| Spirit Tower | 9 | |
| Black Citadel | 1 | |
32 total
» build order
00:25 Altar of Darkness
00:44 Crypt
00:58 Ziggurat
01:43 Graveyard
02:45 Ziggurat
03:06 Ziggurat
03:12 Ziggurat
03:34 Halls of the Dead
04:22 Ziggurat
04:36 Ziggurat
05:07 Nerubian Tower
05:43 Nerubian Tower
05:45 Spirit Tower
05:46 Spirit Tower
05:47 Spirit Tower
05:53 Spirit Tower
09:01 Crypt
11:16 Black Citadel
11:31 Ziggurat
11:44 Ziggurat
11:48 Ziggurat
11:57 Ziggurat
13:36 Spirit Tower
15:26 Ziggurat
15:28 Nerubian Tower
15:30 Spirit Tower
15:37 Ziggurat
15:49 Ziggurat
15:59 Nerubian Tower
17:25 Spirit Tower
17:30 Spirit Tower
18:03 Spirit Tower
team 2 (winner)
Rilakkuma (
teal | 70 APM | 2732 actions | 38:49)
5 Mountain King
3 Storm Bolt
2 Bash
3 Blood Mage
2 Banish
1 Flame Strike
2 Pandaren Brewmaster
1 Breath of Fire
1 Drunken Haze
» actions
| Assign group hotkey | 26 | |
| Basic commands | 66 | |
| Build / train | 228 | |
| ESC pressed | 2 | |
| Enter build submenu | 84 | |
| Enter hero's abilities submenu | 10 | |
| Right click | 1236 | |
| Select / deselect | 919 | |
| Select group hotkey | 24 | |
| Use ability | 136 | |
2732 total
» units
| Peasant | 37 | |
| Footman | 36 | |
| Rifleman | 30 | |
| Mortar Team | 8 | |
| Gryphon Rider | 6 | |
117 total
» upgrades
| Defend | 2 | |
| Gunpowder | 5 | |
| Armor | 3 | |
| Long Rifles | 2 | |
| Lumber Harvesting | 2 | |
| Swords | 3 | |
| Masonry | 3 | |
| Plating | 2 | |
| Storm Hammers | 1 | |
23 total
» buildings
| Altar of Kings | 5 | |
| Farm | 21 | |
| Barracks | 5 | |
| Lumber Mill | 4 | |
| Scout Tower | 22 | |
| Arcane Tower | 2 | |
| Keep | 6 | |
| Guard Tower | 28 | |
| Arcane Vault | 2 | |
| Town Hall | 6 | |
| Blacksmith | 4 | |
| Workshop | 2 | |
| Castle | 3 | |
| Gryphon Aviary | 4 | |
114 total
» build order
00:20 Altar of Kings
00:22 Farm
00:28 Altar of Kings
00:30 Farm
00:53 Barracks
00:57 Barracks
01:15 Lumber Mill
01:17 Farm
01:49 Farm
02:07 Barracks
02:38 Farm
02:55 Scout Tower
02:57 Farm
03:30 Farm
03:34 Arcane Tower
03:34 Arcane Tower
03:37 Farm
04:51 Scout Tower
05:14 Scout Tower
05:21 Scout Tower
05:36 Keep
05:37 Keep
05:41 Guard Tower
05:41 Guard Tower
05:47 Arcane Vault
06:36 Town Hall
06:41 Scout Tower
06:42 Scout Tower
06:55 Blacksmith
06:56 Lumber Mill
06:58 Keep
06:59 Keep
07:01 Barracks
07:09 Guard Tower
07:09 Guard Tower
07:09 Guard Tower
07:13 Scout Tower
07:26 Guard Tower
07:26 Guard Tower
07:34 Farm
07:34 Farm
07:39 Barracks
08:09 Guard Tower
08:09 Guard Tower
08:28 Scout Tower
08:44 Blacksmith
08:58 Farm
09:02 Guard Tower
09:02 Guard Tower
09:21 Farm
09:23 Blacksmith
09:27 Workshop
09:30 Workshop
10:28 Castle
10:28 Castle
10:35 Farm
10:37 Farm
10:37 Farm
10:41 Lumber Mill
10:56 Blacksmith
11:05 Farm
11:05 Farm
11:10 Town Hall
11:19 Farm
11:41 Farm
11:42 Farm
11:42 Farm
13:44 Scout Tower
14:03 Gryphon Aviary
14:56 Guard Tower
15:21 Scout Tower
15:23 Scout Tower
15:31 Gryphon Aviary
15:55 Guard Tower
15:57 Scout Tower
15:58 Scout Tower
16:38 Gryphon Aviary
16:49 Guard Tower
16:51 Arcane Vault
17:30 Town Hall
19:48 Lumber Mill
22:51 Gryphon Aviary
22:53 Guard Tower
23:25 Town Hall
23:26 Scout Tower
23:27 Scout Tower
23:29 Scout Tower
23:31 Town Hall
23:33 Scout Tower
23:36 Town Hall
24:31 Scout Tower
24:33 Scout Tower
24:36 Scout Tower
25:23 Guard Tower
25:23 Guard Tower
25:25 Altar of Kings
25:27 Scout Tower
25:29 Altar of Kings
25:32 Altar of Kings
26:15 Scout Tower
26:16 Guard Tower
26:16 Guard Tower
» items
| Scroll of Regeneration | 6 | |
| Orb of Fire | 1 | |
7 total
lilly-banilly (
purple | 68 APM | 2650 actions | 38:50)
6 Goblin Tinker
3 Pocket Factory
2 Engineering Upgrade
1 Robo-Goblin
» actions
| Assign group hotkey | 37 | |
| Basic commands | 312 | |
| Build / train | 70 | |
| Enter build submenu | 27 | |
| Enter hero's abilities submenu | 6 | |
| Give item / drop item | 4 | |
| Remove unit from queue | 1 | |
| Right click | 859 | |
| Select / deselect | 317 | |
| Select group hotkey | 766 | |
| Use ability | 250 | |
2650 total
» units
| Peon | 16 | |
| Grunt | 3 | |
| Rifleman | 1 | |
| Wind Rider | 6 | |
| Goblin Shredder | 2 | |
| Goblin Zeppelin | 1 | |
| Goblin Sapper | 4 | |
| Troll Batrider | 6 | |
| Raider | 2 | |
41 total
» upgrades
| Reinforced Defenses | 1 | |
| Ranged Weapons | 4 | |
| Armor | 3 | |
| Envenomed Spears | 1 | |
9 total
» buildings
| Orc Burrow | 7 | |
| Altar of Storms | 1 | |
| Barracks | 1 | |
| Voodoo Lounge | 1 | |
| Stronghold | 1 | |
| Great Hall | 2 | |
| War Mill | 2 | |
| Beastiary | 4 | |
| Fortress | 1 | |
| Watch Tower | 30 | |
50 total
» build order
00:10 Orc Burrow
00:22 Altar of Storms
00:36 Barracks
01:39 Orc Burrow
02:22 Voodoo Lounge
03:16 Orc Burrow
03:35 Stronghold
04:28 Great Hall
05:14 War Mill
05:18 Orc Burrow
05:31 Orc Burrow
06:07 Beastiary
06:07 Beastiary
08:51 Great Hall
08:59 Beastiary
09:00 Beastiary
09:32 Fortress
10:31 Watch Tower
10:31 Watch Tower
10:31 Watch Tower
11:39 Watch Tower
11:39 Watch Tower
11:40 Watch Tower
11:40 Watch Tower
11:40 Watch Tower
11:41 Watch Tower
13:09 Watch Tower
14:01 Watch Tower
14:01 Watch Tower
14:01 Watch Tower
14:56 War Mill
15:20 Watch Tower
15:20 Watch Tower
15:20 Watch Tower
15:21 Watch Tower
15:30 Orc Burrow
15:33 Orc Burrow
16:51 Watch Tower
16:51 Watch Tower
18:08 Watch Tower
18:08 Watch Tower
18:09 Watch Tower
18:09 Watch Tower
18:09 Watch Tower
19:10 Watch Tower
19:11 Watch Tower
19:14 Watch Tower
19:14 Watch Tower
19:49 Watch Tower
19:49 Watch Tower
» items
| Healing Salve | 4 | |
| Staff of Teleportation | 1 | |
| Scroll of Town Portal | 2 | |
| Orb of Lightning | 1 | |
| Potion of Healing | 1 | |
9 total
ttttttt (
yellow | 33 APM | 1265 actions | 38:25)
3 Mountain King
1 Storm Bolt
2 Bash
1 Blood Mage
1 Flame Strike
3 Paladin
2 Divine Shield
1 Devotion Aura
» actions
| Basic commands | 10 | |
| Build / train | 82 | |
| Enter build submenu | 46 | |
| Enter hero's abilities submenu | 7 | |
| Right click | 578 | |
| Select / deselect | 444 | |
| Use ability | 98 | |
1265 total
» units
| Peasant | 9 | |
| Footman | 26 | |
| Siege Engine | 10 | |
| Knight | 3 | |
| Rifleman | 1 | |
| Mortar Team | 14 | |
63 total
» upgrades
| Masonry | 1 | |
| Lumber Harvesting | 2 | |
| Barrage | 1 | |
4 total
» buildings
| Altar of Kings | 2 | |
| Barracks | 2 | |
| Lumber Mill | 2 | |
| Farm | 27 | |
| Scout Tower | 3 | |
| Blacksmith | 2 | |
| Keep | 1 | |
| Guard Tower | 1 | |
| Arcane Vault | 1 | |
| Castle | 2 | |
| Workshop | 2 | |
45 total
» build order
00:08 Altar of Kings
00:13 Barracks
00:29 Lumber Mill
00:39 Farm
01:19 Barracks
01:40 Farm
02:25 Scout Tower
02:34 Farm
02:56 Blacksmith
03:39 Farm
03:48 Lumber Mill
04:13 Keep
04:28 Guard Tower
04:39 Farm
05:42 Arcane Vault
06:03 Blacksmith
06:35 Castle
06:51 Farm
07:25 Workshop
07:48 Farm
08:36 Workshop
08:50 Farm
11:46 Farm
14:22 Farm
22:32 Castle
23:05 Scout Tower
23:16 Scout Tower
28:05 Altar of Kings
28:15 Farm
28:20 Farm
28:22 Farm
28:24 Farm
28:25 Farm
29:05 Farm
29:08 Farm
29:13 Farm
29:26 Farm
29:44 Farm
29:53 Farm
30:15 Farm
30:17 Farm
30:18 Farm
30:41 Farm
33:23 Farm
33:29 Farm
» items
Chat log
(03:19 / Allies) Rilakkuma: lets hit
(03:41 / Allies) lilly-banilly: hit bot left
(03:49 / Allies) lilly-banilly: coming
(04:37 / Allies) lilly-banilly: coming
(05:51 / All) Scumbag.Steve: PInk nooob gg
(06:19 / Allies) Rilakkuma: gold
(06:20 / Allies) Rilakkuma: quick
(06:23 / Allies) lilly-banilly: wood plz
(10:07 / All) Sotha_Sil: nice
(10:14 / All) Sotha_Sil: check my inventory retard
(10:16 / All) Sotha_Sil: potion of invul
(10:31 / All) Sotha_Sil: free paladin ty
(12:51 / Allies) lilly-banilly: wood
(13:39 / Allies) lilly-banilly: oops
(13:40 / Allies) lilly-banilly: misclick
(17:53 / Allies) lilly-banilly: yellow is tkign
(17:55 / Allies) ttttttt: ???ll
(20:07 / Allies) Rilakkuma: why fuck u niggas feeding
(20:21 / Allies) lilly-banilly: it was yellow i ahvent lost shit
(20:41 / Allies) lilly-banilly: coming hold on
(23:46 / Allies) Rilakkuma: wtf
(23:48 / Allies) Rilakkuma: who mvoed blues hero
(23:49 / Allies) Rilakkuma: u fucking noob
(23:51 / Allies) Rilakkuma: i need the tp
(23:51 / Allies) Rilakkuma: wow
(23:52 / Allies) Rilakkuma: idiot
(23:59 / Allies) Rilakkuma: u fuckign rtard
(24:29 / All) Rilakkuma: ez mode
(24:46 / All) Sotha_Sil: not over yet faggot
(24:48 / Allies) Rilakkuma: lol purp
(24:52 / Allies) Rilakkuma: you want me to tk faggot?
(24:57 / All) Sotha_Sil: sup
(25:43 / All) Sotha_Sil: sup
(25:44 / All) Sotha_Sil: sup
(25:45 / All) Sotha_Sil: sup
(25:47 / All) Sotha_Sil: sup
(26:01 / All) lilly-banilly: teal is upset i think
(26:05 / All) Rilakkuma: not really
(26:06 / All) Rilakkuma: xD
(26:10 / All) Sotha_Sil: You seem upset imo
(26:37 / All) Rilakkuma: afk doe
(26:45 / All) Sotha_Sil: k bye you can come back to defeat screen
(26:49 / All) Rilakkuma: lol
(26:51 / All) lilly-banilly: rod, explain to me what happens when player says he will go afk
(26:51 / All) Rilakkuma: purp is tking
(26:52 / All) Rilakkuma: btw
(26:55 / All) Sotha_Sil: so was I
(27:00 / All) Rilakkuma: lol
(27:00 / All) Rilakkuma: :P
(27:11 / All) Sotha_Sil: we were in on this together
(27:14 / All) Sotha_Sil: do you still not realise?
(27:18 / All) lilly-banilly: he has not lawl
(27:30 / All) Rilakkuma: nah doe.
(27:46 / All) Sotha_Sil: I had 4 peons on gold and I still have 10k
(28:06 / All) Rilakkuma: thats coo
(28:09 / All) Rilakkuma: lulz
(28:14 / All) Sotha_Sil: how much gold do you have?
(28:16 / All) Rilakkuma: 2.3
(28:22 / All) Sotha_Sil: impossible
(28:24 / All) Sotha_Sil: you can't have 2.3
(28:31 / All) lilly-banilly: he does
(28:32 / All) Rilakkuma: yea
(28:34 / All) Rilakkuma: technically
(28:36 / All) lilly-banilly: he expo'd at ur allysb ase
(28:38 / All) Sotha_Sil: 2.3 gold
(28:38 / All) Rilakkuma: i mined over 25k
(28:42 / All) Sotha_Sil: not 2,300
(28:43 / All) Rilakkuma: lmfao
(28:46 / All) Rilakkuma: with blue included
(28:50 / All) Rilakkuma: but yeah
(28:56 / All) Rilakkuma: enjoy your first offense purp
(28:58 / All) Sotha_Sil: that isn't 2.3 then
(28:59 / All) Sotha_Sil: it's 2.3k
(29:05 / All) Sotha_Sil: you are reporting us teal?
(29:07 / All) Rilakkuma: no
(29:08 / All) Rilakkuma: maybe
(29:09 / All) Rilakkuma: not sure
(29:11 / All) Rilakkuma: lol
(29:11 / All) Sotha_Sil: lol
(29:13 / All) Sotha_Sil: go ahead
(29:16 / All) Rilakkuma: ok
(29:17 / All) Rilakkuma: :D
(29:19 / All) Sotha_Sil: bashiok is a clown
(29:22 / All) Rilakkuma: you'd be surprised
(29:24 / All) Rilakkuma: lmfao
(29:29 / All) Sotha_Sil: I have backstabbed for years
(29:31 / All) Sotha_Sil: no bans
(29:34 / All) Sotha_Sil: It's legit mang
(29:39 / All) Rilakkuma: oh werd?
(29:43 / All) Rilakkuma: lets see dis time doe
(29:44 / All) Sotha_Sil: ya
(30:03 / All) Sotha_Sil: make sure to direct blizzard to my hundreds of stabs uploaded to highper.ch
(30:07 / All) Sotha_Sil: so they can continue to do nothing
(30:36 / All) lilly-banilly: mop up duty is always splendid, aint it pink
(30:42 / All) Sotha_Sil: yeah
(31:43 / All) lilly-banilly: teal is embarassed i think
(31:48 / All) lilly-banilly: he worked so hard to control blue, who left
(31:51 / All) lilly-banilly: and it ended like this
(31:53 / All) Sotha_Sil: he must be, he is still trying
(31:57 / All) Sotha_Sil: thought he went afk?
(31:59 / All) Sotha_Sil: they never do
(32:09 / All) lilly-banilly: i think yellow is, yellow tried kiling my hall with 2 peasants
(32:16 / All) Sotha_Sil: cute
(32:45 / All) lilly-banilly: teal conceded victory to us
(34:47 / All) Sotha_Sil: awful focus fire on that 1 aco
(37:03 / All) lilly-banilly: yellow is intent on trying to drag this out
(37:27 / All) Sotha_Sil: sick creeping
(38:33 / All) lilly-banilly: out teal
(38:41 / All) Sotha_Sil: you have permission to leave